 Dungeon Crawl Stone Soup version 0.28-a0-1033-g1a2f33fa85 (webtiles) character file.

Game seed: 11319580246293368929

931 lunkers the Magician (level 8, -15/61 HPs)
             Began as a Djinni Cinder Acolyte on Dec 7, 2021.
             Was a High Priest of Ignis.
             Demolished by a wight (21 damage)
             ... on level 6 of the Dungeon.
             The game lasted 00:11:58 (6861 turns).

lunkers the Magician (Djinni Cinder Acolyte)        Turns: 6861, Time: 00:11:59

Health: -15/61     AC:  6    Str: 13    XL:     8   Next: 33%
Gold:   227        EV: 10    Int: 18    God:    Ignis [*****.] SH:  0 Dex:  9

rFire   + + +      SeeInvis .   l - +1 whip (elec)
rCold   x . .      Faith    .   (no shield)
rNeg    . . .      Spirit   .   i - +2 leather armour {rF+}
rPois   ∞          Reflect  .   (no helmet)
rElec   .          Harm     .   j - +0 cloak
rCorr   .          Rampage  .   (no gloves)
Will    +....                   (boots unavailable)
Stlth   +.........              (no amulet)
HPRegen 0.20/turn               p - ring of willpower
MPRegen 0.00/turn               (no ring)

@: flying, very slightly contaminated
A: sickness immunity, fire resistance 2, cold vulnerability 1, float, innate
caster, hp casting, extra vitality 1
a: Renounce Religion, Fiery Armour, Foxfire Swarm, Rising Flame


You were on level 6 of the Dungeon.
You worshipped Ignis.
Ignis was extremely pleased with you.
You visited 1 branch of the dungeon, and saw 6 of its levels.

You collected 227 gold pieces.

Inventory:

Hand Weapons
 a - a -1 short sword of flaming
 g - a +2 vorpal quarterstaff
 l - a +1 whip of electrocution (weapon)
Missiles
 f - 53 poisoned darts
Armour
 i - a +2 leather armour of fire resistance (worn)
 j - a +0 cloak (worn)
Jewellery
 p - a ring of willpower (left hand)
Wands
 d - a wand of mindburst (12)
Scrolls
 n - a scroll of brand weapon
 o - a scroll of identify
Potions
 b - a potion of cancellation
 c - 3 potions of heal wounds
 e - 2 potions of might
 h - 2 potions of haste
 k - 2 potions of invisibility
 m - a potion of curing


   Skills:
 + Level 5.9 Fighting
 - Level 2.6 Short Blades
 * Level 6.2 Spellcasting


You had 11 spell levels left.
You knew the following spells:

 Your Spells              Type           Power      Damage    Failure   Level
a - Sting                 Tmut/Pois      100%       1d8       1%          1
b - Passwall              Tmut/Erth      22%        N/A       1%          2
c - Tukima's Dance        Hex            27%        N/A       3%          3
p - Scorch                Fire           54%        2d8       1%          2
Your spell library was empty.

Dungeon Overview and Level Annotations

Branches:
Dungeon (6/15)             Temple (0/1) D:4

Altars:
Ashenzari
Dithmenos
Gozag
Vehumet
Zin

Shops:
D:3 *   D:6 :


Innate Abilities, Weirdness & Mutations

You are immune to sickness and miasma.
You are immune to poison.
Your flesh is very heat resistant. (rF++)
You are vulnerable to cold. (rC-)
You float through the air rather than walking.
You learn spells naturally, not from books.
Your magical power is your life essence.
You have superior vitality. (+4 HP)


Message History

You are very lightly contaminated with residual magic.
Nothing appears to happen.
* * * LOW HITPOINT WARNING * * *
The wight hits you with a +0 hand axe!
* * * LOW HITPOINT WARNING * * *
The wight is no longer more vulnerable to fire.
Casting: Scorch (safe; 1% risk of failure)
Press: ? - help, Q - select action, (/) - cycle Dir - look around, f - activate Flames lash the wight.
The wight is heavily damaged.
The wight's fire resistance burns away.
* * * LOW HITPOINT WARNING * * *
The wight closely misses you.
Your magical contamination has completely faded away.
Casting: Scorch (safe; 1% risk of failure)
Press: ? - help, Q - select action, (/) - cycle Dir - look around, f - activate Flames lash the wight.
You destroy the wight!
* * * LOW HITPOINT WARNING * * *
The wight is no longer more vulnerable to fire.
As you open the door, it creaks loudly! The wight closely misses you.
There is an open door here.
Unknown command.
There is an open door here.
Casting: Scorch (safe; 1% risk of failure)
Press: ? - help, Q - select action, (/) - cycle Dir - look around, f - activate Flames lash the wight.
The wight is severely damaged.
The wight's fire resistance burns away.
* * * LOW HITPOINT WARNING * * *
Unknown command.
Casting: Scorch (safe; 1% risk of failure)
Press: ? - help, Q - select action, (/) - cycle Dir - look around, f - activate You miscast Scorch.
You are very lightly contaminated with residual magic.
Nothing appears to happen.
* * * LOW HITPOINT WARNING * * *
The wight hits you with a +1 great sword!!
You die...

##### #.###.#
...#######...###.###.#
..................##.#
.#.#####:#...###..##.#
##...#### #..##.#### #.....#
#......... ##...## ##.#.####.
.# ##.## #.....##. .# #@#
###.#.##. .# #z# #.#.##. ##.
##'## #.#.##. #.. ##...##
#...... #.#### ##.....##
####.### #.##.## ##.......##
##.##.#
###.#...####......<..####...#)#
...........'.........+......).#
###.#...####.........####..)#.#


You could see a wight (combustible).

Vanquished Creatures
  A water moccasin (D:5)
  A black bear (D:4)
  A phantom (D:6)
  A scorpion (D:4)
  A water moccasin skeleton (D:5)
  2 wights (D:6)
  Crazy Yiuf (D:3)
  A hound (D:5)
  A centaur skeleton (D:5)
  Natasha (thrice) (D:2)
  A bullfrog skeleton (D:5)
  2 orc wizards (D:6)
  2 iguanas
  A scorpion zombie (D:5)
  6 adders
  2 adder skeletons
  2 worms
  A dart slug (D:1)
  9 orcs
  8 endoplasms
  4 giant cockroaches (D:2)
  6 hobgoblins
  3 quokkas
  6 ball pythons
  9 bats
  3 frilled lizards
  5 goblins
  5 kobolds
  9 rats
97 creatures vanquished.

Vanquished Creatures (others)
  An orc wizard (D:6)
  A plant (D:2)
2 creatures vanquished.

Grand Total: 99 creatures vanquished

Notes
Turn   | Place    | Note
-------+----------+-------------------------------------------
     0 | D:1      | lunkers the Djinni Cinder Acolyte began the quest for the
                  | Orb.
     0 | D:1      | Reached XP level 1. HP: 20/20 MP: 0/0
   564 | D:1      | Reached XP level 2. HP: 25/25 MP: 0/0
  1369 | D:2      | Reached XP level 3. HP: 28/30 MP: 0/0
  1369 | D:2      | Learned a level 1 spell: Sting
  1370 | D:2      | Reached skill level 3 in Spellcasting
  1802 | D:2      | Noticed Natasha
  1804 | D:2      | Killed Natasha
  1805 | D:2      | Reached XP level 4. HP: 32/37 MP: 0/0
  2320 | D:2      | Noticed Natasha
  2340 | D:2      | Killed Natasha
  2341 | D:2      | Reached XP level 5. HP: 10/41 MP: 0/0
  2341 | D:2      | Learned a level 2 spell: Passwall
  2565 | D:2      | Noticed Natasha
  2570 | D:2      | Killed Natasha
  2819 | D:2      | Found a faded altar of an unknown god.
  2963 | D:3      | Reached skill level 4 in Spellcasting
  3067 | D:3      | Found an opulent altar of Gozag.
  3175 | D:3      | Found Zin's Purification Station.
  3187 | D:3      | Found a glowing silver altar of Zin.
  3490 | D:3      | Found a shadowy altar of Dithmenos.
  3621 | D:3      | Found a runed translucent door.
  3622 | D:3      | Noticed Crazy Yiuf
  3962 | D:3      | Killed Crazy Yiuf
  3963 | D:3      | Reached XP level 6. HP: 35/48 MP: 0/0
  4471 | D:4      | Noticed a black bear
  4474 | D:4      | Killed a black bear
  4522 | D:4      | Found a staircase to the Ecumenical Temple.
  4537 | D:4      | Reached XP level 7. HP: 7/53 MP: 0/0
  4537 | D:4      | Learned a level 3 spell: Tukima's Dance
  5223 | D:5      | Entered Level 5 of the Dungeon
  5243 | D:5      | Reached skill level 5 in Spellcasting
  5377 | D:5      | Reached skill level 5 in Fighting
  5587 | D:5      | Noticed a water moccasin
  5593 | D:5      | Killed a water moccasin
  6571 | D:6      | Found a broken altar of Ashenzari.
  6576 | D:6      | Found Dojuuv's Book Shoppe.
  6703 | D:6      | Reached XP level 8. HP: 59/60 MP: 0/0
  6822 | D:6      | Reached skill level 6 in Spellcasting
  6861 | D:6      | Demolished by a wight

Illustrated notes

Levels and vault maps discovered:
D:1:      lightli_molten_gateway, layout_loops_ring, minmay_domino_2
D:2:      layout_loops_ring, serial_glass, glass_columns_a, glass_columns_a,
          glass_columns_a, glass_columns_b, glass_columns_b, glass_columns_a,
          glass_columns_a, glass_columns_c, glass_columns_b, glass_columns_a,
          shapermc_ecumenical_altar_petra, kennysheep_small_spiral, uniq_natasha
D:3:      layout_loops_ring, zin_purify, mainiacjoe_overflow_alcove_1,
          nicolae_dithmenos_the_darkroom, uniq_crazy_yiuf_cottage
D:4:      layout_basic, minmay_temple_entry_stoned_glass
D:5:      layout_loops_cross, nicolae_overflow_hidden_temple
D:6:      layout_loops_corners, mainiacjoe_overflow_alcove_2, serial_shops,
          nicolae_shop_trees, gup_sewer_entry_bubbles

Skill      XL: |  1  2  3  4  5  6  7  8 |
---------------+-------------------------+-----
Spellcasting   | 3 4 5 6 |  6.2
Fighting       | 4 5 |  5.9
Short Blades   | |  2.6

Action                   |  1- 3 |  4- 6 |  7- 9 || total
-------------------------+-------+-------+-------++-------
Melee: Short sword       |    17 |     6 |       ||    23
       Whip              |       |    14 |     1 ||    15
 Cast: Scorch            |    29 |    64 |    73 ||   166
       Sting             |     1 |     5 |       ||     6
  Use: Scroll            |       |     6 |     7 ||    13
Armor: Robe              |    14 |     1 |       ||    15
       Ring mail         |       |     4 |       ||     4
       Leather armour    |       |     5 |    14 ||    19
Dodge: Dodged            |    19 |    24 |    15 ||    58

Table legend: (Time is in decaauts)
 A = Elapsed time spent in this place.
 B = Non-inter-level travel time spent in this place.
 C = Inter-level travel time spent in this place.
 D = Time resting spent in this place.
 E = Time spent auto-exploring this place.
 F = Levels seen in this place.
 G = Mean time per level.
                   A        B        C        D        E       F      G
               +--------+--------+--------+--------+--------+-----+--------+
         Total |   6860 |   6673 |    187 |      4 |   5931 |   6 | 1143.3 |
       Dungeon |   6860 |   6673 |    187 |      4 |   5931 |   6 | 1143.3 |
               +--------+--------+--------+--------+--------+-----+--------+

Top non-repeatable levels by time:
     D:2: 1599 daAuts
     D:5: 1285 daAuts
     D:1: 1260 daAuts
     D:3: 1240 daAuts
     D:4: 1123 daAuts
     D:6: 351 daAuts
